 Dungeon Crawl Stone Soup version 0.29.0-11-gd7f09526c8 (webtiles) character file.

Game seed: 430509839663649079

650 Bartlander the Ducker (level 7, -2/56 HPs)
             Began as a Gnoll Gladiator on Sept 5, 2022.
             Slain by Duvessa
             ... wielding a +0 short sword
              (15 damage)
             ... on level 4 of the Dungeon.
             The game lasted 00:21:38 (6270 turns).

Bartlander the Ducker (Gnoll Gladiator)             Turns: 6270, Time: 00:21:38

Health: -2/56      AC: 11    Str: 13    XL:     7   Next: 53%
Magic:  11/11      EV: 10    Int: 10    God:
Gold:   207        SH: 13    Dex: 13    Spells: 11/11 levels left

rFire   . . .      SeeInvis .   a - +0 long sword
rCold   . . .      Faith    .   u - +0 kite shield
rNeg    . . .      Spirit   .   w - +0 chain mail
rPois   .          Reflect  +   v - +0 hat
rElec   .          Harm     .   (no cloak)
rCorr   .          Rampage  .   (no gloves)
Will    .....                   x - +1 pair of boots
Stlth   ..........              s - amulet of reflection
HPRegen 0.18/turn               k - ring of flight
MPRegen 0.12/turn               q - +4 ring of evasion

@: flying
A: fangs 1, strong nose, distributed training
a: no special abilities


You were on level 4 of the Dungeon.
You visited 1 branch of the dungeon, and saw 5 of its levels.

You collected 317 gold pieces.
You spent 110 gold pieces at shops.

Inventory:

Hand Weapons
 a - a +0 long sword (weapon)
 b - a +4 sling
 j - a +1 dagger of venom
Missiles
 d - 2 throwing nets (quivered)
 e - a javelin
Armour
 c - a +0 helmet
 g - a +0 leather armour
 u - a +0 kite shield (worn)
 v - a +0 hat (worn)
 w - a +0 chain mail (worn)
 x - a +1 pair of boots (worn)
Jewellery
 i - an amulet of the acrobat
 k - a ring of flight (left hand)
 q - a +4 ring of evasion (right hand)
 s - an amulet of reflection (around neck)
Wands
 y - a wand of polymorph (11)
Scrolls
 f - 2 scrolls of silence
Potions
 l - a potion of ambrosia
 o - a potion of mutation
 p - a potion of invisibility
 r - 2 potions of brilliance {unknown}
 t - a potion of heal wounds {unknown}


   Skills:
 + Level 5.3 Fighting
 + Level 2.6 Short Blades
 + Level 7.1 Long Blades
 + Level 2.6 Axes
 + Level 2.6 Maces & Flails
 + Level 2.6 Polearms
 + Level 2.6 Staves
 + Level 2.6 Ranged Weapons
 + Level 5.3 Throwing
 + Level 2.6 Armour
 + Level 7.1 Dodging
 + Level 2.6 Stealth
 + Level 2.6 Shields
 + Level 2.6 Unarmed Combat
 + Level 2.6 Spellcasting
 + Level 2.1 Conjurations
 + Level 2.1 Hexes
 + Level 2.1 Summonings
 + Level 2.1 Necromancy
 + Level 2.1 Translocations
 + Level 2.1 Transmutations
 + Level 2.1 Fire Magic
 + Level 2.1 Ice Magic
 + Level 2.1 Air Magic
 + Level 2.1 Earth Magic
 + Level 2.1 Poison Magic
 + Level 3.0 Invocations
 + Level 2.6 Evocations


You had 11 spell levels left.
You didn't know any spells.
Your spell library was empty.

Dungeon Overview and Level Annotations

Branches:
Dungeon (5/15)
 Temple: D:4-7

Altars:

Shops:
D:4 [*:

Annotations:
D:4 Dowan, Duvessa
D:5 Eustachio


Innate Abilities, Weirdness & Mutations

You have very sharp teeth.
Your uncanny sense of smell can sniff out nearby items.
Your experience applies equally to all skills.


Message History

Duvessa is severely wounded.
You block Duvessa's attack. x2
You hit Duvessa but do no damage.
Duvessa is severely wounded.
You block Duvessa's attack.
Dowan casts a spell.
Dowan blinks!
You block Duvessa's attack.
You barely miss Duvessa.
Duvessa is severely wounded.
Duvessa barely misses you. You block Duvessa's attack.
You barely miss Duvessa.
Duvessa is severely wounded.
You block Duvessa's attack. Duvessa hits you but does no damage.
You hit Duvessa.
Duvessa is severely wounded.
Duvessa is no longer moving quickly.
Duvessa hits you but does no damage. Duvessa misses you.
You hit Duvessa but do no damage.
Duvessa is severely wounded.
Dowan says, "My weaknesses are her strengths!"
Dowan casts a spell at you. The puff of flame hits you.
* * * LOW HITPOINT WARNING * * *
You block Duvessa's attack.
You barely miss Duvessa.
Duvessa is severely wounded.
Duvessa drinks a potion.
Duvessa goes berserk!
You hit Duvessa but do no damage.
Duvessa is severely wounded.
Duvessa hits you but does no damage. You block Dowan's attack.
Duvessa hits you but does no damage.
You hit Duvessa. Your bite misses Duvessa.
Duvessa is severely wounded.
You block Duvessa's attack. Dowan hits you but does no damage.
Duvessa misses you.
You barely miss Duvessa.
Duvessa is severely wounded.
You block Duvessa's attack. You block Dowan's attack.
Duvessa hits you with a +0 short sword!
You die...

...........##.### #..#).#
<........#....# ##.###.##
.........#..### ###..#)#..###
.........#..# ####...##.##...##
.........#..#####....###...###...
.........#........####...⌠......)
####<#...#..#####....###...###...
##########....######...##.##...##
...............e@).###..#.#..###
........∩#.#####e######.###.##
............#.........#..#..#
..........#.#.#.......##.#.##
..........#.#.#.......##.#.#
.....)......#.........##...#
.........#..#.#.......###.##
.........#....#.......#.#.#
.........#....#######...#.#


You could see Duvessa (berserk) and Dowan.

Vanquished Creatures
  2 ogres (D:4)
  A gnoll sergeant (D:5)
  A scorpion (D:4)
  2 necrophages (D:4)
  A hound (D:4)
  Ijyb (D:5)
  An iguana (D:4)
  5 adders
  7 gnolls (D:4)
  A dart slug (D:2)
  3 orcs (D:4)
  5 endoplasms
  2 hobgoblins
  5 kobolds
  3 quokkas
  6 ball pythons
  A bat (D:1)
  11 frilled lizards (D:1)
  6 goblins
  6 rats
70 creatures vanquished.

Vanquished Creatures (others)
  5 plants (D:1)
5 creatures vanquished.

Grand Total: 75 creatures vanquished

Notes
Turn   | Place    | Note
-------+----------+-------------------------------------------
     0 | D:1      | Bartlander the Gnoll Gladiator began the quest for the Orb.
     0 | D:1      | Reached XP level 1. HP: 20/20 MP: 1/1
   198 | D:1      | Reached XP level 2. HP: 23/26 MP: 2/2
   360 | D:1      | Found a faded altar of an unknown god.
   844 | D:1      | Reached XP level 3. HP: 26/31 MP: 3/3
  1147 | D:2      | Reached skill level 1 in Invocations
  1976 | D:3      | Reached skill level 1 in Short Blades
  1976 | D:3      | Reached skill level 1 in Axes
  1976 | D:3      | Reached skill level 1 in Maces & Flails
  1976 | D:3      | Reached skill level 1 in Polearms
  1976 | D:3      | Reached skill level 1 in Staves
  1976 | D:3      | Reached skill level 1 in Ranged Weapons
  1976 | D:3      | Reached skill level 1 in Armour
  1976 | D:3      | Reached skill level 1 in Stealth
  1976 | D:3      | Reached skill level 1 in Shields
  1976 | D:3      | Reached skill level 1 in Unarmed Combat
  1976 | D:3      | Reached skill level 1 in Spellcasting
  1976 | D:3      | Reached skill level 1 in Evocations
  2027 | D:3      | Reached XP level 4. HP: 35/38 MP: 5/5
  2760 | D:3      | Reached skill level 1 in Conjurations
  2760 | D:3      | Reached skill level 1 in Hexes
  2760 | D:3      | Reached skill level 1 in Summonings
  2760 | D:3      | Reached skill level 1 in Necromancy
  2760 | D:3      | Reached skill level 1 in Translocations
  2760 | D:3      | Reached skill level 1 in Transmutations
  2760 | D:3      | Reached skill level 1 in Fire Magic
  2760 | D:3      | Reached skill level 1 in Ice Magic
  2760 | D:3      | Reached skill level 1 in Air Magic
  2760 | D:3      | Reached skill level 1 in Earth Magic
  2760 | D:3      | Reached skill level 1 in Poison Magic
  2942 | D:4      | Noticed a necrophage
  3025 | D:4      | Found Zodgheps's General Store.
  3304 | D:4      | Found Gevijusy's Armour Shoppe.
  3313 | D:4      | Bought a +0 kite shield for 58 gold pieces
  3313 | D:4      | Bought a +0 hat for 52 gold pieces
  3525 | D:4      | Reached XP level 5. HP: 43/43 MP: 7/7
  3528 | D:4      | Identified the +1 leather armour of the Guilds {Rampage
                  | *Slow rPois rC- Dex+8}
  3653 | D:4      | You are sucked into a shaft and drop 1 floor!
  3653 | D:5      | Entered Level 5 of the Dungeon
  4010 | D:4      | Noticed an ogre
  4245 | D:4      | Reached XP level 6. HP: 47/50 MP: 8/8
  4336 | D:4      | Reached skill level 5 in Fighting
  4336 | D:4      | Reached skill level 5 in Throwing
  4901 | D:4      | Found Fiesolic's Book Boutique.
  5143 | D:5      | Noticed Dowan
  5144 | D:5      | Noticed Ijyb
  5144 | D:5      | Noticed Duvessa
  5257 | D:5      | Killed Ijyb
  5282 | D:5      | Noticed a black bear
  5522 | D:5      | Noticed Eustachio
  5607 | D:4      | Found Zodgheps's General Store.
  5621 | D:4      | Reached XP level 7. HP: 56/56 MP: 10/10
  5639 | D:4      | Found Gevijusy's Armour Shoppe.
  6270 | D:4      | Slain by Duvessa

Illustrated notes

Levels and vault maps discovered:
D:1:      roderic_octagonal_star, layout_loops_ring,
          shapermc_ecumenical_altar_mp_urbaneastern, minmay_lizard_king
D:2:      layout_loops_cross
D:3:      layout_basic, st_stairs_6, minmay_misc_feat_diagonals
D:4:      minmay_general_purpose_star, layout_basic, serial_shops, shop,
          shop_statue, kennysheep_mini
D:5:      layout_rooms, kennysheep_boxes, uniq_ijyb, uniq_duvessa,
          uniq_eustachio

Skill      XL: |  1  2  3  4  5  6  7 |
---------------+----------------------+-----
Invocations    | 1 2 3 |  3.0
Short Blades   | 1 2 |  2.6
Axes           | 1 2 |  2.6
Maces & Flails | 1 2 |  2.6
Polearms       | 1 2 |  2.6
Staves         | 1 2 |  2.6
Ranged Weapons | 1 2 |  2.6
Armour         | 1 2 |  2.6
Stealth        | 1 2 |  2.6
Shields        | 1 2 |  2.6
Unarmed Combat | 1 2 |  2.6
Spellcasting   | 1 2 |  2.6
Evocations     | 1 2 |  2.6
Conjurations   | 1 2 |  2.1
Hexes          | 1 2 |  2.1
Summonings     | 1 2 |  2.1
Necromancy     | 1 2 |  2.1
Translocations | 1 2 |  2.1
Transmutations | 1 2 |  2.1
Fire Magic     | 1 2 |  2.1
Ice Magic      | 1 2 |  2.1
Air Magic      | 1 2 |  2.1
Earth Magic    | 1 2 |  2.1
Poison Magic   | 1 2 |  2.1
Fighting       | 5 |  5.3
Throwing       | 5 |  5.3
Long Blades    | 7 |  7.1
Dodging        | 7 |  7.1

Action                   |  1- 3 |  4- 6 |  7- 9 || total
-------------------------+-------+-------+-------++-------
Melee: Long sword        |    86 |   122 |    73 ||   281
       Bite              |     5 |    11 |     5 ||    21
       Punch             |       |     1 |       ||     1
 Fire: Sling             |     4 |       |       ||     4
Throw: Dart              |     2 |    18 |     2 ||    22
       Javelin           |     1 |       |       ||     1
       Throwing net      |       |     1 |     2 ||     3
  Use: Scroll            |     7 |     6 |       ||    13
       Potion            |       |       |     2 ||     2
 Stab: Distracted        |       |     1 |       ||     1
       Held in net/web   |       |       |     1 ||     1
Armor: Leather armour    |    14 |     7 |       ||    21
       Chain mail        |       |     6 |    15 ||    21
       Skin              |       |     2 |    24 ||    26
Dodge: Dodged            |    43 |    58 |    18 ||   119
Block: Kite shield       |       |    69 |    62 ||   131
       Reflection        |       |     1 |       ||     1
